 Dungeon Crawl Stone Soup version 0.25.0-33-gff14898491 (webtiles) character file.

Game seed: 14285408434610775696

198 Peloso the Shield-Bearer (level 5, 0/41 HPs)
             Began as a Demonspawn Fighter on July 7, 2020.
             Succumbed to an adder's poison
             ... on level 4 of the Dungeon.
             The game lasted 00:04:39 (1908 turns).

Peloso the Shield-Bearer (Demonspawn Fighter)       Turns: 1908, Time: 00:04:40

Health: 0/41       AC:  8    Str: 17    XL:     5   Next: 47%
Magic:  5/5        EV:  8    Int:  9    God:
Gold:   132        SH:  9    Dex: 13    Spells: 4/4 levels left

rFire    x . .     SeeInvis .   a - +0 long sword
rCold    + . .     Gourm    .   c - +0 kite shield
rNeg     . . .     Faith    .   b - +0 scale mail
rPois    .         Spirit   .   (no helmet)
rElec    .         Reflect  .   (no cloak)
rCorr    .         Harm     .   (no gloves)
MR       .....                  (no boots)
Stlth    ..........             (no amulet)
HPRegen  0.13/turn              r - ring of ice
MPRegen  0.09/turn              (no ring)

@: lethally poisoned (0 -> -7), berserk cooldown, hasted and slowed
A: talons 1, slimy green scales 1, demonic guardian 1
a: no special abilities


You were on level 4 of the Dungeon.
You were not hungry.

You visited 1 branch of the dungeon, and saw 3 of its levels.

You collected 132 gold pieces.

Inventory:

Hand Weapons
 a - a +0 long sword (weapon)
Missiles
 e - 37 bolts
Armour
 b - a +0 scale mail (worn)
 c - a +0 kite shield (worn)
Jewellery
 r - a ring of ice (left hand)
Wands
 g - a wand of acid (10)
Scrolls
 i - a scroll of enchant weapon {unknown}
 j - 3 scrolls of teleportation {unknown}
 k - 2 scrolls of fear {unknown}
 m - 2 scrolls of identify {unknown}
 n - 2 scrolls of remove curse {unknown}
Potions
 d - 2 potions of might
Comestibles
 f - 2 rations
 p - 6 chunks of flesh


   Skills:
 + Level 3.5 Fighting
 + Level 3.0 Long Blades
 + Level 3.4 Armour
 + Level 1.5 Dodging
 + Level 3.7 Shields


You had 4 spell levels left.
You didn't know any spells.
Your spell library was empty.

Dungeon Overview and Level Annotations

Branches:
Dungeon (2/15)

Altars:
Fedhas
The Shining One


Innate Abilities, Weirdness & Mutations

You have sharp toenails.
You are partially covered in slimy green scales. (AC +2)
A weak demonic guardian rushes to your aid.


Message History

* * * LOW HITPOINT WARNING * * *
You feel sick.
Unknown command.
You feel a strong urge to attack something.
* * * LOW HITPOINT WARNING * * *
You feel sick.
You are too berserk!
Unknown command.
You feel your anger nearly subside.
* * * LOW HITPOINT WARNING * * *
You feel sick.
You see here a hound corpse.
You are no longer berserk.
You are exhausted.
You feel yourself slow down.
Unknown command.
It was a potion of haste.
You feel yourself speed up.
* * * LOW HITPOINT WARNING * * *
You feel sick.
You die...

#. #?.# #. #..# #. #..#
#. #..# .###..# #.....# #
##)##.# #.##.).#.#
#....@)))# #.##...###
############.###†##
...÷)......#.# #.#####.##
..####.###.#.###.........
.## #.# #....##.##......
## #.# #.....#.##.###.#
######.###..........#
........##..<...#...#


There were no monsters in sight!

Vanquished Creatures
  A hound (D:4)
  An orc priest (D:4)
  An iguana (D:4)
  An orc wizard (D:4)
  5 adders
  A worm (D:2)
  A dart slug (D:1)
  A leopard gecko (D:2)
  6 orcs (D:4)
  2 bats (D:1)
  A giant cockroach (D:4)
  6 goblins
  6 hobgoblins
  A kobold (D:1)
  6 frilled lizards
  8 rats (D:1)
48 creatures vanquished.

Vanquished Creatures (collateral kills)
  3 orcs (D:4)
3 creatures vanquished.

Grand Total: 51 creatures vanquished

Notes
Turn   | Place    | Note
-------+----------+-------------------------------------------
     0 | D:1      | Peloso the Demonspawn Fighter began the quest for the Orb.
     0 | D:1      | Reached XP level 1. HP: 18/18 MP: 1/1
   133 | D:1      | Gained mutation: You are partially covered in slimy green
                  | scales. (AC +2) [demonic ancestry]
   133 | D:1      | Reached XP level 2. HP: 24/24 MP: 2/2
   782 | D:2      | Gained mutation: A weak demonic guardian rushes to your
                  | aid. [demonic ancestry]
   782 | D:2      | Reached XP level 3. HP: 29/29 MP: 3/3
  1028 | D:2      | Found a blossoming altar of Fedhas.
  1176 | D:2      | Found a faded altar of an unknown god.
  1289 | D:2      | You fall into a shaft and drop 2 floors!
  1296 | D:4      | Gained mutation: You have sharp toenails. [demonic
                  | ancestry]
  1296 | D:4      | Reached XP level 4. HP: 19/35 MP: 4/4
  1640 | D:4      | Found a glowing golden altar of the Shining One.
  1660 | D:4      | Reached skill level 1 in Dodging
  1770 | D:4      | Reached XP level 5. HP: 9/41 MP: 5/5
  1905 | D:4      | HP: 3/61 [poisoned by an adder]
  1907 | D:4      | HP: 1/41 [poisoned by an adder]
  1908 | D:4      | Succumbed to an adder's poison

Illustrated notes

Levels and vault maps discovered:
D:1:      lightli_arrival_flooded_house, layout_basic
D:2:      layout_loops_cross, vehumet_crystals, first_ration,
          chequers_ecumenical_altar_simple, fedhas_altar_4
D:4:      layout_loops_ring, kennysheep_mini, overflow_temple_1_default,
          tso_oasis_becter, kennysheep_another_room

Skill      XL: |  1  2  3  4  5 |
---------------+----------------+-----
Shields        | 3 |  3.7
Armour         | 3 |  3.4
Long Blades    | 2 3 |  3.0
Dodging        | 1 |  1.5
Fighting       | |  3.5

Action                   |  1- 3 |  4- 6 || total
-------------------------+-------+-------++-------
Melee: Long sword        |   117 |    78 ||   195
       Kick              |       |    22 ||    22
  Use: Potion            |       |     5 ||     5
  Eat: Chunk             |     1 |     3 ||     4
Armor: Scale mail        |    60 |    36 ||    96
Dodge: Dodged            |    34 |    16 ||    50
Block: Kite shield       |    62 |    37 ||    99
       Rpst.: Long sword |    10 |     6 ||    16
